 Dungeon Crawl Stone Soup version 0.31-a0-233-g139696dc86 (webtiles) character file.

Game seed: 12538114755922629939

32 qw the Shooter (level 3, -2/29 HPs)
             Began as a Minotaur Hexslinger on July 9, 2023.
             Slain by a goblin
             ... wielding a +0 dagger
             ... led by Robin
              (3 damage)
             ... on level 2 of the Dungeon.
             The game lasted 00:00:17 (840 turns).

qw the Shooter (Minotaur Hexslinger)                 Turns: 840, Time: 00:00:17

Health: -2/29      AC:  2    Str: 12    XL:     3   Next: 8%
Magic:  3/3        EV: 13    Int: 10    God:
Gold:   87         SH:  0    Dex: 20    Spells: 3/4 levels left

rFire   . . .        Y - +1 sling
rCold   . . .        (no shield)
rNeg    . . .        c - +0 robe
rPois   .            (helmet restricted)
rElec   .            (no cloak)
rCorr   .            (no gloves)
SInv    .            (no boots)
Will    .....        (no amulet)
Stlth   ++           g - +6 ring of dexterity
HPRegen 0.24/turn    (no ring)
MPRegen 0.08/turn

%: no passive effects
@: no status effects
A: horns 2, retaliatory headbutt
a: no special abilities


You were on level 2 of the Dungeon.
You visited 1 branch of the dungeon, and saw 2 of its levels.

You collected 87 gold pieces.


Innate Abilities, Weirdness & Mutations

You have a pair of horns on your head.
You reflexively headbutt those who attack you in melee.


   Skills:
 - Level 2.0 Fighting
 + Level 3.7 Ranged Weapons
 - Level 2.1 Dodging
 - Level 1.0 Spellcasting
 - Level 2.0 Hexes


You had 3 spell levels left.
You knew the following spells:

 Your Spells              Type           Power      Damage    Failure   Level
a - Slow                  Hex            16%        N/A       16%         1

Your spell library contained the following spells:

 Spells                   Type           Power      Damage    Failure   Level
 Inner Flame              Hex/Fire       2%         N/A       56%         3
 Portal Projectile        Hex/Tloc       4%         N/A       56%         3
 Cause Fear               Hex            2%         N/A       83%         4

Inventory:

Hand Weapons
 Y - a +1 sling (weapon)
Armour
 a - a +0 leather armour
 c - a +0 robe (worn)
Jewellery
 g - a +6 ring of dexterity (left hand)

Dungeon Overview and Level Annotations

Branches:
Dungeon (2/15)

Altars:

Annotations:
D:2 Robin


Message History

The hobgoblin closely misses you.
You shoot a sling bullet.
The sling bullet barely misses the hobgoblin.
The hobgoblin completely misses you.
Robin says, "Kneel, worm!"
The goblin completely misses you. Robin throws the goblin at you!
You shoot a sling bullet.
The sling bullet barely misses the hobgoblin.
The goblin hits you with a +0 dagger. The hobgoblin hits you.
The goblin hits you with a +0 dagger.
Robin says, "My goblins will feast on your bones."
You shoot a sling bullet. The sling bullet hits the hobgoblin!
You kill the hobgoblin!
The goblin hits you with a +0 dagger. The goblin hits you with a +0 club.
You shoot a sling bullet. The sling bullet hits the goblin!
You kill the goblin!
The goblin hits you with a +0 dagger. The goblin closely misses you.
You shoot a sling bullet. The sling bullet hits Robin!
Robin is heavily wounded.
The goblin hits you with a +0 dagger. The goblin misses you.
Robin throws the goblin at you!
You shoot a sling bullet.
The sling bullet hits Robin but does no damage.
Robin is heavily wounded.
The goblin hits you but does no damage. The goblin misses you.
Robin throws the goblin at you! The goblin misses you.
The goblin hits you with a +0 dagger. x2; Robin barely misses you.
The goblin closely misses you.
You shoot a sling bullet.
The sling bullet hits Robin but does no damage.
Robin is heavily wounded.
The goblin no longer looks unusually strong. x2
The goblin misses you. The goblin hits you with a +0 dagger.
The goblin barely misses you.
Robin roars a battlecry!
The goblins go into a battle-frenzy!
You shoot a sling bullet. The sling bullet hits Robin.
Robin is almost dead.
The goblin hits you with a +0 dagger.
You die...

#.# ). #.# .. # #.# #####
#. .# #.# # #...# #.###.#
#.# .####...# #.....# #.#
.#......# # .....# #.#
.#......# #.###g)(.#
#####.#
.#.....###.#....@)..#
#.....# .#.....#
#.#.##ggg..# #.#####
.#.....###.#.##.....# #.#
...............>...## ###.#
.#.....###.#.##.#### #...#
.#....)#
#.#.##.#########.###
.#.....###.#.##...........#
.............##.##........#
...#######.#.##.##........#


You could see Robin and 3 goblins.

Vanquished Creatures
  A worm (D:2)
  3 bats
  A giant cockroach (D:1)
  9 goblins
  3 hobgoblins (D:2)
  2 jackals (D:1)
  A ball python (D:2)
  A frilled lizard (D:1)
  3 kobolds (D:1)
24 creatures vanquished.

Notes
Turn   | Place    | Note
-------+----------+-------------------------------------------
     0 | D:1      | qw the Minotaur Hexslinger began the quest for the Orb.
     0 | D:1      | Reached XP level 1. HP: 16/16 MP: 1/1
     0 | D:1      | 0 ||| qw: Version: 0.3-a-51-g015441d
     0 | D:1      | 0 ||| qw: Game counter: 3799
     0 | D:1      | 0 ||| qw: Melee chars always use a shield: true
     0 | D:1      | 0 ||| qw: God list: Okawaru
     0 | D:1      | 0 ||| qw: Allow faded altars: false
     0 | D:1      | 0 ||| qw: Do Orc after clearing Dungeon:15 true
     0 | D:1      | 0 ||| qw: Do second Lair branch before Depths: true
     0 | D:1      | 0 ||| qw: Lair rune preference: random
     0 | D:1      | 0 ||| qw: Goals: Normal
     0 | D:1      | 0 ||| PLANNING D:1-11
   142 | D:1      | Reached skill level 3 in Ranged Weapons
   142 | D:1      | Reached XP level 2. HP: 23/23 MP: 2/2
   508 | D:1      | 508 ||| UPGRADING to +6 ring of dexterity.
   509 | D:1      | 509 ||| READING scroll labelled QOISUIDGHUE.
   510 | D:1      | 510 ||| READING scroll labelled VEOLUGEARPH.
   511 | D:1      | 511 ||| READING scroll labelled HAEBBI JIEDU.
   515 | D:1      | 515 ||| DROPPING scroll of poison.
   825 | D:2      | Noticed Robin
   832 | D:2      | Reached XP level 3. HP: 26/29 MP: 3/3
   838 | D:2      | HP: 5/29 [goblin/+0 dagger[Robin] (4)]
   839 | D:2      | HP: 1/29 [goblin/+0 dagger[Robin] (3)]
   840 | D:2      | Slain by a goblin

Levels and vault maps discovered:
D:1:      lemuel_arrival_hallway, layout_basic
D:2:      wander_river, layout_basic, basic_altar, uniq_sigmund, uniq_robin

Skill      XL: |  1  2 |
---------------+-------+-----
Ranged Weapons | 3 |  3.7
Fighting       | 2 |  2.0
Dodging        | |  2.1
Spellcasting   | |  1.0
Hexes          | |  2.0

Action                     || total
---------------------------++-------
   Fire: Sling             ||    58
    Use: Scroll            ||     3
 Armour: Robe              ||     7
  Dodge: Dodged            ||    18

Table legend:
 A = Non-vault XP
 B = Vault XP
 C = Vault XP percentage of total XP
 D = Non-vault monster count
 E = Vault monster count
 F = Vault count percentage of total count
                 A         B        C        D         E       F
            +---------+---------+-------+---------+---------+-------
      Total |      32 |      14 |  30.4 |      17 |       7 |  29.2
            +---------+---------+-------+---------+---------+-------
        D:1 |      21 |       0 |   0.0 |      12 |       0 |   0.0
        D:2 |      11 |      14 |  56.0 |       5 |       7 |  58.3
            +---------+---------+-------+---------+---------+-------
